 Dungeon Crawl Stone Soup version 0.30-a0-715-gdb4ae3ece1 (webtiles) character file.

Game seed: 18101673244893011980

155328 MackTheKnife the Warrior (level 18, -13/102 HPs)
             Began as a Kobold Wanderer on Jan 24, 2023.
             Was a Believer of Lugonu.
             Mangled by a two-headed ogre
             ... wielding a +0 giant spiked club
             ... created by the rage of Trog
              (30 damage)
             ... on level 2 of the Abyss.
             The game lasted 01:01:24 (34269 turns).

MackTheKnife the Warrior (Kobold Wanderer)         Turns: 34269, Time: 01:01:25

Health: -13/102    AC: 14    Str:  9    XL:     18   Next: 27%
Magic:  6/6        EV: 38    Int: 11    God:    Lugonu [**....]
Gold:   1744       SH: 10    Dex: 25    Spells: 15/17 levels left

rFire   + . .      SeeInvis +    a - +6 quick blade (antimagic) {shortrare=g}
rCold   . . .      Faith    .    Y - +2 buckler {AC+3}
rNeg    . . .      Spirit   .    O - +0 steam dragon scales
rPois   .          Reflect  .    v - +2 helmet {SInv}
rElec   .          Harm     .    I - +2 cloak
rCorr   .          Rampage  .    K - +1 pair of gloves
Will    +....      Rage     3%   L - +0 pair of boots
Stlth   ++++++++                 C - amulet of regeneration {@e2}
HPRegen 0.00/turn                m - +4 ring of slaying
MPRegen 0.10/turn                B - +5 ring of evasion

@: about to teleport, sick, unable to drink
A: small, no large weapons, nightstalker 3, berserk 1, fire resistance 1,
screaming 1, subdued magic 1, [deformed body], [frail 2], [inability to drink
after injury 2]
a: Renounce Religion, Depart the Abyss, Banish


You were on level 2 of the Abyss.
You worshipped Lugonu.
Lugonu was pleased with you.
You visited 6 branches of the dungeon, and saw 27 of its levels.
You visited the Abyss 1 time.
You also visited: Ossuary and Volcano.

You collected 2383 gold pieces.
You spent 639 gold pieces at shops.


Innate Abilities, Weirdness & Mutations

You are small and have problems with some larger weapons.
You are completely attuned to the shadows.
You sometimes lose your temper in combat.
Your flesh is heat resistant. (rF+)
You occasionally shout uncontrollably at your foes.
Your spells are a little easier to cast, but a little less powerful.
[Armour fits poorly on your strangely shaped body.]
[You are very frail. (-20% HP)]
[You sometimes lose the ability to drink potions when taking damage.]


   Skills:
 - Level 19.0 Fighting
 - Level 15.5 Short Blades
 + Level 18.8 Dodging
 - Level 16.1 Stealth
 - Level 9.1 Shields
 - Level 11.0 Evocations


You had 15 spell levels left.
You knew the following spells:

 Your Spells              Type           Power      Damage    Failure   Level
a - Blink                 Tloc           0%         N/A       52%         2

Your spell library contained the following spells:

 Spells                   Type           Power      Damage    Failure   Level
 Kiss of Death            Conj/Necr      0%         2d5       38%         1
 Sandblast                Erth           0%         2d4       38%         1
 Cigotuvi's Dreadful Rot  Necr/Pois/Air  0%         N/A       52%         2
 Lesser Beckoning         Tloc           0%         N/A       52%         2
 Momentum Strike          Conj/Tloc      0%         3d8       52%         2
 Passwall                 Tmut/Erth      0%         N/A       52%         2
 Sublimation of Blood     Necr           0%         N/A       52%         2
 Gell's Gravitas          Tloc           0%         N/A       77%         3
 Hailstorm                Conj/Ice       0%         3d3       77%         3
 Stone Arrow              Conj/Erth      0%         3d7       77%         3
 Teleport Other           Tloc           0%         N/A       77%         3
 Ice Form                 Ice/Tmut       0%         N/A       99%         4
 Manifold Assault         Tloc           0%         N/A       99%         4
 Petrify                  Tmut/Erth      0%         N/A       99%         4
 Blade Hands              Tmut           0%         N/A       100%        5
 Borgnjor's Vile Clutch   Necr/Erth      0%         N/A       100%        5
 Irradiate                Conj/Tmut      0%         3d11      100%        5
 Dispersal                Tloc           0%         N/A       100%        6
 Simulacrum               Ice/Necr       0%         N/A       100%        6
 Dragon Form              Tmut           0%         N/A       100%        7
 Borgnjor's Revivificati  Necr           0%         N/A       100%        8
 Disjunction              Tloc           0%         N/A       100%        8

Inventory:

Hand Weapons
 a - a +6 antimagic quick blade (weapon) {shortrare=g}
   (Trog gifted it to you on level 2 of the Elven Halls)
 V - the +5 short sword "Dawk" {flame, *Slow Will+++ Dex+3, short}
   (Trog gifted it to you on level 14 of the Dungeon)

   Dex:       It affects your dexterity (+3).
   *Slow:     It may slow you when you take damage.
   Will:      It greatly increases your willpower.
 W - a +0 rapier of electrocution {short}
   (You took it off Nikola on level 2 of the Elven Halls)
Armour
 v - a +2 helmet of see invisible (worn)
   (You found it on level 6 of the Dungeon)
 I - a +2 cloak (worn)
   (You took it off Crazy Yiuf on level 3 of the Dungeon)
 K - a +1 pair of gloves (worn)
   (You took it off Nikola on level 2 of the Elven Halls)
 L - a +0 pair of boots (worn)
   (You found it on level 13 of the Dungeon)
 O - +0 steam dragon scales (worn)
   (You found it on level 6 of the Dungeon)
 U - a scarf of invisibility
   (You found it on level 14 of the Dungeon)
 Y - a +2 buckler of protection (worn)
   (You took it off a tengu conjurer on level 13 of the Dungeon)
Jewellery
 m - a +4 ring of slaying (left hand)
   (You found it on level 5 of the Lair of Beasts)
 y - a ring of poison resistance
   (You found it on level 3 of the Dungeon)
 z - a ring of protection from cold
   (You found it on level 11 of the Dungeon)
 B - a +5 ring of evasion (right hand)
   (You found it on level 3 of the Dungeon)
 C - an amulet of regeneration (around neck) {@e2}
   (You took it off a deep elf zephyrmancer on level 2 of the Elven Halls)
 E - a ring of resist corrosion
   (You found it on level 12 of the Dungeon)
 J - an amulet of guardian spirit
   (You found it on level 4 of the Dungeon)
 P - a ring of flight
   (You found it on level 13 of the Dungeon)
 R - a ring of fire
   (You found it on level 14 of the Dungeon)
Wands
 c - a wand of roots (17)
   (You took it off Dowan on level 4 of the Dungeon)
 f - a wand of charming (2)
   (You took it off a deep elf zephyrmancer on level 2 of the Elven Halls)
 j - a wand of mindburst (6)
   (You found it on level 5 of the Lair of Beasts)
 G - a wand of flame (23) (quivered)
   (You took it off Maggie on level 7 of the Dungeon)
Scrolls
 g - 3 scrolls of immolation {!r!r}
 h - 3 scrolls of enchant armour
 n - 2 scrolls of magic mapping {!r}
 o - a scroll of silence {!r}
 p - 8 scrolls of identify {@r1}
 r - 5 scrolls of fear
 w - 2 scrolls of poison {!r}
 A - 7 scrolls of teleportation {@r4}
Potions
 k - 2 potions of flight
 s - 3 potions of might
 t - 4 potions of heal wounds {@q2}
 u - 12 potions of curing {@q1}
 D - 10 potions of attraction {!q}
 F - 13 potions of ambrosia
 M - 2 potions of cancellation
 N - 4 potions of lignification {!q}
 Q - 3 potions of berserk rage {!q}
 S - 4 potions of magic
 X - 2 potions of mutation {!q}
Miscellaneous
 b - a lightning rod (4/4)
   (You found it on level 9 of the Dungeon)
 d - a piece from Xom's chessboard (15/15)
 x - a tin of tremorstones (2/2) {throwing}
   (You found it on level 5 of the Lair of Beasts)

Dungeon Overview and Level Annotations

Branches:
Dungeon (15/15) Zot: 25312  Temple (1/1) D:7 Zot: 5970    Lair (5/5) D:8 Zot: 20875
  Swamp (1/4) Lair:3 Zot: 5973   Snake (0/4) Lair:2        Slime (0/5) Lair:5
    Orc (2/2) D:10 Zot: 9660     Elf (3/3) Orc:2 Zot: 14175  Vaults (0/5) D:13
 Depths (0/4) D:15        Ossuary (visited)         Volcano (visited)

Altars:
Ashenzari
Cheibriados
Fedhas
Hepliaklqana
Makhleb
Nemelex Xobeh
Okawaru
Qazlal
Ru
Sif Muna
Trog
Uskayaw
Vehumet
Wu Jian
Xom
Zin
The Shining One
Ignis
Lugonu

Shops:
D:13 !   Orc:2 [*??

Portals:
Abyss: Lair:5

Annotations:
D:5 2 transporters, LowRida's ghost, amateur GnRe
D:7 Joseph
Temple 2 transporters
Lair:5 1 runed translucent door
Orc:2 1 runed translucent door, bmj180's ghost, journeyman GrEE

. . # ...
# # # #..
#.โ€ O# .#
#.# .# .
#.# ยงยง.#
##Z.#....#
#xO..## #
#@##. ###


You could see a two-headed ogre (berserk), an ancient zyme and a harpy skeleton.


Message History

The ancient zyme misses you. The ancient zyme completely misses you.
You puncture the stone giant!
The stone giant completely misses you. ๐Ÿ˜• HP[+1]
You hit the stone giant but do no damage.
The stone giant completely misses you.
You completely miss the stone giant.
The two-headed ogre rages.
The ancient zyme completely misses you. x2
You hit the stone giant but do no damage.
The stone giant barely misses you. ๐Ÿ˜• HP[+1]
You hit the stone giant but do no damage.
The ancient zyme hits you. The ancient zyme misses you.
You feel ill. ๐Ÿ˜• HP[-1]
You take 1 damage, and now have 88/102 hp.
You completely miss the stone giant.
The two-headed ogre rages.
The stone giant completely misses you.
You hit the stone giant.
You hit the stone giant but do no damage.
The stone giant hits you but does no damage.
You block the ancient zyme's attack. x2
You hit the ancient zyme. You hit the ancient zyme. The stone giant misses you.
The two-headed ogre rages.
You hit the ancient zyme but do no damage.
The ancient zyme hits you.
The ancient zyme misses you. ๐Ÿ˜• HP[-2]
You take 2 damage, and now have 86/102 hp.
You puncture the ancient zyme! The stone giant closely misses you.
You hit the stone giant but do no damage.
You hit the stone giant. The stone giant hits you!!!
You feel threatened and lose the ability to drink potions!
* * * LOW HITPOINT WARNING * * *
You block the ancient zyme's attack. x2 ๐Ÿ˜จ HP[-46]
You take 46 damage, and now have 40/102 hp.
MASSIVE DAMAGE!! (PAUSE)
You hit the stone giant but do no damage.
You hit the stone giant. You block the stone giant's attack.
You cannot drink potions in your current state!
You hit the stone giant. You block the ancient zyme's attack.
The ancient zyme closely misses you. The stone giant hits you!!
* * * LOW HITPOINT WARNING * * *
๐Ÿ˜ฑ HP[-23]
You take 23 damage, and now have 17/102 hp.
MASSIVE DAMAGE!! (PAUSE)
Okay, then.
Really read
i - a scroll of blinking {!r}?
Blink to where?
Press: ? - help, Dir - move target
As you read the scroll of blinking {!r}, it crumbles to dust.
A harpy skeleton comes into view.
You feel ill.
As you read the scroll of teleportation {@r4}, it crumbles to dust.
You feel strangely unstable.
You feel the power of the Abyss delaying your translocation!
You hear two shouts!
The stone giant rages.
The harpy skeleton completely misses you. x2
The stone giant rages.
Unknown command.
You cannot drink potions in your current state!
Okay, then.
Aiming: Charm
Press: ? - help, Shift-Dir - straight line, f - ancient zyme
Aim: an ancient zyme (moderately damaged, chance to affect: 38%)
The ancient zyme resists with some effort.
The harpy skeleton completely misses you.
You block the harpy skeleton's attack. The harpy skeleton misses you.
You block the harpy skeleton's attack.
The harpy skeleton completely misses you. x2
You puncture the stone giant! You block the harpy skeleton's attack.
The harpy skeleton completely misses you.
You puncture the stone giant!
You kill the stone giant!
That felt strangely unrewarding.
The ancient zyme attacks as you move away!
You block the ancient zyme's attack. The ancient zyme completely misses you.
The harpy skeleton completely misses you.
The harpy skeleton misses you. You block the harpy skeleton's attack.
The harpy skeleton completely misses you.
You block the harpy skeleton's attack.
The harpy skeleton completely misses you.
Unknown command.
You barely miss the harpy skeleton. You puncture the harpy skeleton!
You block the harpy skeleton's attack.
The harpy skeleton completely misses you.
You hit the ancient zyme. You block the harpy skeleton's attack.
The harpy skeleton completely misses you.
The ancient zyme completely misses you.
The ancient zyme hits you but does no damage.
You hit the ancient zyme.
You hit the two-headed ogre but do no damage.
You barely miss the two-headed ogre.
The ancient zyme completely misses you. x2
You hit the two-headed ogre but do no damage.
You puncture the two-headed ogre!
The two-headed ogre completely misses you.
The two-headed ogre hits you with a +0 giant club!!
You die...

Skill      XL: |  1  2  3  4  5  6  7  8  9 10 11 12 13 14 15 16 17 18 |
---------------+-------------------------------------------------------+-----
Short Blades   | 3 4 5 7 15 | 15.5
Stealth        | 6 7 9 12 14 16 | 16.1
Dodging        | 3 6 9 11 15 17 18 | 18.8
Fighting       | 3 6 8 12 15 19 | 19.0
Evocations     | 8 11 | 11.0
Shields        | 1 9 |  9.1

Action                     |  1- 3 |  4- 6 |  7- 9 | 10-12 | 13-15 | 16-18 || total
---------------------------+-------+-------+-------+-------+-------+-------++-------
  Melee: Dagger            |   102 |    56 |   494 |  1230 |  1871 |   426 ||  4179
         Punch             |     2 |       |     4 |    21 |    37 |    14 ||    78
         Peck              |       |       |       |       |   116 |    88 ||   204
         Short sword       |       |       |       |       |       |   566 ||   566
         Quick blade       |       |       |       |       |       |   405 ||   405
 Invoke: Fiery Armour      |       |       |       |     1 |       |       ||     1
         Berserk           |       |       |       |     1 |    16 |     6 ||    23
         Brothers in Arms  |       |       |       |       |     3 |     8 ||    11
         Trog's Hand       |       |       |       |       |     2 |     3 ||     5
  Evoke: Piece from Xom's  |       |     5 |    16 |     6 |     7 |       ||    34
         Wand              |       |       |     3 |     6 |    16 |     2 ||    27
         Lightning rod     |       |       |       |     4 |     5 |       ||     9
         Tin of tremorston |       |       |       |       |     2 |       ||     2
    Use: Potion            |       |     1 |     1 |    11 |     7 |     5 ||    25
         Scroll            |       |       |    20 |     5 |    24 |    10 ||    59
   Stab: Sleeping          |     9 |    10 |    28 |    44 |    90 |    41 ||   222
         Petrified         |       |       |     5 |       |       |       ||     5
         Paralysed         |       |       |     2 |       |       |       ||     2
         Petrifying        |       |       |     1 |       |       |       ||     1
         Distracted        |       |       |     1 |     3 |     8 |     4 ||    16
         Betrayed ally     |       |       |       |       |     1 |       ||     1
         Invisible         |       |       |       |       |       |     5 ||     5
 Armour: Robe              |     6 |       |    23 |       |       |       ||    29
         Leather armour    |    13 |     3 |    22 |       |       |       ||    38
         Steam dragon scal |       |       |     7 |   128 |   130 |    72 ||   337
         Skin              |       |       |       |     1 |       |       ||     1
  Dodge: Dodged            |    57 |    20 |   415 |  1093 |  1804 |   955 ||  4344
  Block: Buckler           |       |       |       |       |       |   176 ||   176

Levels and vault maps discovered:
D:1:      nicolae_arrival_memento_mori, layout_rooms,
          ebering_ecumenical_altar_abandoned, st_stairs_10
D:2:      layout_basic, basic_altar
D:3:      layout_rooms, minmay_box_of_dots, uniq_crazy_yiuf_cottage,
          uniq_natasha
D:4:      layout_gridville, enter_ossuary_3, grunt_decor_fettered, uniq_sigmund,
          uniq_duvessa, uniq_menkaure
D:5:      layout_loops_cross, gammafunk_ghost_arena, minmay_misc_feat_plants
D:6:      layout_basic, grunt_temple_overflow_forces_of_nature,
          nicolae_vehumet_altar_sigil, amcnicky_altar_gilded,
          minmay_door_square, guppyfry_early_elven_hall, uniq_edmund
D:7:      layout_rooms, mainiacjoe_overflow_alcove_1, minmay_temple_entry_mist,
          uniq_maggie, uniq_joseph
D:8:      layout_basic, lair_entry_dummy
D:9:      layout_loops_corners, ebering_ghost_reflecting_pool, uniq_psyche,
          uniq_grum
D:10:     layout_basic, xom_teletrap_fun, nicolae_tso_carved_into_rock,
          zombieorc2_lemuel, columned_hall_lemuel, kennysheep_donut,
          uniq_gastronok, uniq_maurice
D:11:     layout_rooms
D:12:     layout_stronghold, uniq_josephine, uniq_kirke, uniq_jorgrun
D:13:     minmay_general_purpose_star, layout_basic, grunt_vaults_entry_tiered,
          serial_shops, shop
D:14:     layout_roguey, nicolae_ashenzari_skybound
D:15:     grunt_enter_depths_magical_seal, layout_loops_ring, minmay_hedge_maze,
          minmay_diced_spiral
Temple:   hellmonk_temple_divided_pantheon
Lair:1:   layout_roguey [special_room_bee], cheibrodos_lair_caveside_slide
Lair:2:   layout_chaotic_city, minmay_snake_entry_six_corridors,
          chequers_serial_rivers_large_b, serial_bayou_shore_b, uniq_amaemon
Lair:3:   layout_cellular_growth, nicolae_swamp_entry_splash_gauntlet,
          grunt_megastairs_2, uniq_fannar
Lair:4:   layout_hall_layers, serial_bayou_shore_b, grunt_megastairs_5
Lair:5:   hellmonk_lair_end_abyssal_woods, layout_big_grid,
          minmay_slime_entry_pillars, pdpol_lair_cabin_in_the_woods,
          grunt_megastairs_3
Swamp:1:  layout_falls_marsh, hangedman_swamp_cone
Orc:1:    layout_caves
Orc:2:    grunt_orc_tribal_feast, layout_caves, enter_volcano_4,
          hellmonk_ghost_happy_afterlife
Elf:1:    layout_geoelf_diagonals, minmay_elf_necromancy, minmay_misc_feat_five,
          uniq_louise
Elf:2:    elven_hall_of_blades_hangedman_original
          [nicolae_blade_entry_diamond_columns], layout_gridlike, basic_altar,
          hex_medium, uniq_nikola
Elf:3:    elf_hall_gauntlet_narrow, layout_geoelf_octagon
Abyss:2:  base: D:4, evilmike_abyss_exit_kraken, hangedman_eye_storm,
          hangedman_eye_storm, minivault_24, base: D:4,
          hangedman_abyss_overflow_altar, guppyfry_abyss_exit_glass_guarded

Notes
Turn   | Place    | Note
-------+----------+-------------------------------------------
     0 | D:1      | MackTheKnife the Kobold Wanderer began the quest for the
                  | Orb.
     0 | D:1      | MackTheKnife set off with the following items: a +2 dagger
                  | {short}, a potion of berserk rage {!q}, a +0 short sword
                  | {short}, a piece from Xom's chessboard (15/15), a scroll of
                  | blinking {!r}, a +0 robe.
     0 | D:1      | Reached XP level 1. HP: 12/12 MP: 1/1
     0 | D:1      | magus.rc [v1.9.6]
    47 | D:1      | Reached skill level 3 in Short Blades
    67 | D:1      | Reached XP level 2. HP: 17/17 MP: 2/2
   221 | D:1      | Found a faded altar of an unknown god.
   236 | D:1      | Prayed at the altar of an unknown god.
   236 | D:1      | Became a worshipper of Ignis, the Dying Flame
   463 | D:1      | Reached XP level 3. HP: 21/21 MP: 3/3
   469 | D:1      | Reached skill level 6 in Stealth
   682 | D:2      | Identified the +3 flail "Ytomun" {heavy, rPois rN+ Int+3}
  1083 | D:2      | Found a shimmering blue altar of Sif Muna.
  1146 | D:2      | You fall into a shaft and drop 1 floor!
  1216 | D:3      | Reached skill level 4 in Short Blades
  1317 | D:2      | Reached XP level 4. HP: 26/26 MP: 4/4
  2011 | D:3      | Noticed an ice beast
  2017 | D:3      | Killed an ice beast
  2018 | D:3      | Reached skill level 5 in Short Blades
  2018 | D:3      | Reached skill level 7 in Stealth
  2018 | D:3      | Reached XP level 5. HP: 30/30 MP: 5/5
  2083 | D:3      | Noticed Natasha
  2087 | D:3      | Killed Natasha
  2187 | D:3      | Found a runed translucent door.
  2190 | D:3      | Noticed Crazy Yiuf
  2196 | D:3      | Killed Crazy Yiuf
  2197 | D:3      | Reached XP level 6. HP: 35/35 MP: 6/6
  2264 | D:4      | Noticed Menkaure
  2268 | D:4      | Killed Menkaure
  2269 | D:4      | Reached skill level 6 in Short Blades
  2269 | D:4      | Reached skill level 8 in Stealth
  2353 | D:4      | Noticed Sigmund
  2374 | D:4      | Killed Sigmund
  2375 | D:4      | Reached skill level 7 in Short Blades
  2375 | D:4      | Reached skill level 9 in Stealth
  2375 | D:4      | Reached XP level 7. HP: 40/40 MP: 7/7
  2493 | D:4      | Noticed Duvessa
  2522 | D:4      | Found a sand-covered staircase.
  2526 | D:5      | Entered Level 5 of the Dungeon
  2534 | Ossuary  | Entered an ossuary
  2657 | Ossuary  | Reached skill level 1 in Dodging
  2667 | Ossuary  | Reached skill level 3 in Fighting
  2667 | Ossuary  | Reached skill level 2 in Dodging
  2905 | Ossuary  | Reached skill level 3 in Dodging
  2905 | Ossuary  | Reached XP level 8. HP: 25/48 MP: 8/8
  2918 | Ossuary  | Reached skill level 4 in Fighting
  3169 | Ossuary  | Reached skill level 4 in Dodging
  3416 | D:4      | Noticed Dowan
  3420 | D:4      | Killed Duvessa
  3423 | D:4      | Killed Dowan
  3424 | D:4      | Reached skill level 5 in Fighting
  3623 | D:4      | Reached skill level 5 in Dodging
  4308 | D:5      | Found a transporter.
  4321 | D:5      | Noticed LowRida's ghost (amateur GnRe)
  4329 | D:5      | Found a transporter.
  4461 | D:5      | Reached skill level 6 in Fighting
  4461 | D:5      | Reached skill level 6 in Dodging
  4461 | D:5      | Reached XP level 9. HP: 55/55 MP: 9/9
  4749 | D:6      | Found a sparkling altar of Nemelex Xobeh.
  4799 | D:6      | Found a stormy altar of Qazlal.
  4942 | D:6      | Found a blossoming altar of Fedhas.
  5032 | D:6      | Found a radiant altar of Vehumet.
  5318 | D:6      | Reached skill level 7 in Dodging
  5340 | D:6      | Reached skill level 7 in Fighting
  5933 | D:6      | Noticed Edmund
  5972 | D:6      | Killed Edmund
  6026 | D:6      | Noticed a deep elf zephyrmancer
  6032 | D:6      | Killed a deep elf zephyrmancer
  6033 | D:6      | Reached skill level 8 in Fighting
  6033 | D:6      | Reached skill level 8 in Dodging
  6073 | D:6      | You pick up a book of Spatial Translocations and begin
                  | reading...
  6073 | D:6      | You add the spells Blink, Momentum Strike and Lesser
                  | Beckoning to your library.
  6350 | D:7      | Noticed Joseph
  6358 | D:6      | HP: 15/60 [poisoned by a scorpion]
  6626 | D:7      | Noticed Maggie
  6630 | D:7      | Reached skill level 9 in Dodging
  6642 | D:7      | Reached XP level 10. HP: 58/64 MP: 10/10
  6654 | D:7      | Killed Maggie
  6655 | D:7      | Reached skill level 10 in Stealth
  6816 | D:7      | Found an iron altar of Okawaru.
  7022 | D:7      | Found a staircase to the Ecumenical Temple.
  7055 | D:7      | Reached skill level 10 in Dodging
  7081 | D:7      | Reached skill level 11 in Stealth
  7538 | D:8      | magus.rc [v1.9.6]
  7608 | D:8      | Noticed a two-headed ogre
  7626 | D:8      | Killed a two-headed ogre
  7667 | D:8      | Reached skill level 11 in Dodging
  7667 | D:8      | Reached skill level 12 in Stealth
  7926 | D:8      | Found a staircase to the Lair.
  8245 | D:9      | Reached XP level 11. HP: 45/69 MP: 11/11
  8250 | D:9      | Reached skill level 13 in Stealth
  8389 | D:9      | Noticed Psyche
  8391 | D:9      | Killed Psyche
  8512 | D:9      | Reached skill level 9 in Fighting
  8548 | D:9      | Noticed Grum
  8552 | D:9      | Killed Grum
  8684 | D:9      | Reached skill level 10 in Fighting
  9210 | D:9      | Found a runed translucent door.
  9282 | D:9      | Reached skill level 11 in Fighting
  9316 | D:9      | Noticed flestrin's ghost (novice DgCj)
  9320 | D:9      | Killed flestrin's ghost
  9359 | D:9      | Learned a level 2 spell: Blink
  9516 | D:10     | Entered Level 10 of the Dungeon
  9632 | Lair:1   | Entered Level 1 of the Lair of Beasts
  9757 | Lair:1   | Reached skill level 12 in Fighting
  9988 | Lair:1   | Reached skill level 14 in Stealth
 10111 | Lair:1   | Reached XP level 12. HP: 46/81 MP: 8/12
 11153 | Temple   | Entered the Ecumenical Temple
 11156 | Temple   | Found a transporter.
 11156 | Temple   | Found a transporter.
 11158 | Temple   | Found a transporter.
 11158 | Temple   | Found a transporter.
 11170 | Temple   | Fell from the grace of Ignis
 11170 | Temple   | Became a worshipper of Trog the Wrathful
 11278 | Lair:2   | Noticed Amaemon
 11302 | Lair:2   | Reached skill level 15 in Stealth
 11360 | Lair:2   | Noticed a seven-headed hydra
 11364 | Lair:2   | Killed a seven-headed hydra
 11393 | Lair:2   | Reached skill level 16 in Stealth
 11531 | Lair:2   | Reached skill level 12 in Dodging
 12194 | Lair:2   | Reached skill level 13 in Dodging
 12194 | Lair:2   | Found a staircase to the Snake Pit.
 12376 | Lair:2   | HP: 20/81 [fire elemental[the fiery vengeance of Ignis]
                  | (8)]
 12381 | Lair:2   | HP: 8/81 [fire elemental[the fiery vengeance of Ignis]
                  | (13)]
 12419 | Lair:2   | You fall into a shaft and drop 2 floors!
 12680 | Lair:3   | You fall into a shaft and drop 2 floors!
 12680 | Lair:5   | Entered Level 5 of the Lair of Beasts
 12680 | Lair:5   | Was forgiven by Ignis
 12916 | Lair:3   | Reached skill level 14 in Dodging
 12965 | Lair:3   | Reached * piety under Trog
 13031 | Lair:3   | You pick up a book of Geomancy {forbidden} and begin
                  | reading...
 13031 | Lair:3   | You add the spells Sandblast, Passwall and Stone Arrow to
                  | your library.
 13043 | Lair:3   | Noticed a death yak
 13046 | Lair:3   | Noticed a death yak
 13047 | Lair:3   | Noticed a death yak
 13048 | Lair:3   | Noticed a death yak
 13048 | Lair:3   | Noticed a death yak
 13087 | Lair:3   | Killed a death yak
 13098 | Lair:3   | Killed a death yak
 13099 | Lair:3   | Reached skill level 15 in Dodging
 13099 | Lair:3   | Reached XP level 13. HP: 56/86 MP: 4/13
 13102 | Lair:3   | HP: 18/86 [death yak (7)]
 13329 | Lair:3   | Noticed Fannar
 13333 | Lair:3   | Killed Fannar
 13435 | Lair:3   | Reached skill level 16 in Dodging
 13779 | Lair:3   | Noticed a six-headed hydra
 13793 | Lair:3   | Killed a six-headed hydra
 13951 | Lair:3   | HP: 8/86 [death yak (27)]
 14272 | Lair:2   | Reached skill level 17 in Dodging
 14710 | Lair:2   | Killed Amaemon
 15244 | Lair:3   | Reached skill level 3 in Evocations
 15427 | Lair:3   | You pick up a book of Transfigurations {forbidden@e2} and
                  | begin reading...
 15427 | Lair:3   | You add the spells Irradiate, Blade Hands and Dragon Form
                  | to your library.
 15641 | Lair:3   | Reached skill level 4 in Evocations
 15773 | Lair:3   | Reached skill level 5 in Evocations
 15774 | Lair:3   | Found a staircase to the Swamp.
 16096 | Lair:4   | Reached skill level 6 in Evocations
 16338 | Lair:4   | Reached skill level 7 in Evocations
 16369 | Lair:4   | Noticed an eight-headed hydra
 16380 | Lair:4   | Killed an eight-headed hydra
 16536 | Lair:4   | Reached skill level 8 in Evocations
 16846 | Lair:5   | Reached XP level 14. HP: 92/92 MP: 14/14
 16856 | Lair:5   | Reached skill level 9 in Evocations
 17044 | Lair:5   | Reached ** piety under Trog
 17055 | Lair:5   | Reached skill level 10 in Evocations
 17244 | Lair:5   | HP: 21/92 [small abomination (14)]
 17250 | Lair:5   | Reached skill level 11 in Evocations
 18116 | Lair:5   | Reached skill level 13 in Fighting
 18133 | Lair:5   | Found a runed translucent door.
 18142 | Lair:5   | Reached *** piety under Trog
 18176 | Lair:5   | Found a staircase to the Slime Pits.
 18283 | Lair:5   | Identified the +0 leather armour of Tartarus {Str+7}
 18617 | Lair:5   | Found a corrupted altar of Lugonu.
 18618 | Lair:5   | Found a one-way gate to the infinite horrors of the Abyss.
 18978 | D:10     | Noticed Maurice
 18984 | D:10     | Killed Maurice
 19001 | D:10     | Reached skill level 14 in Fighting
 19585 | D:10     | Reached **** piety under Trog
 19617 | D:10     | Found a staircase to the Orcish Mines.
 19887 | D:10     | Noticed Gastronok
 19887 | D:10     | Gastronok the Ponderous comes into view. He is wearing the
                  | +3 hat of Pondering {ponderous, Will+ MP+10 Int+5}.
 19905 | D:10     | Killed Gastronok
 20162 | D:10     | Found a glowing golden altar of the Shining One.
 20181 | D:10     | Found a shimmering altar of Xom.
 20236 | Orc:1    | Entered Level 1 of the Orcish Mines
 20236 | Orc:1    | Noticed an orc warlord
 20248 | D:10     | Killed an orc warlord
 20549 | Orc:1    | Reached skill level 15 in Fighting
 20881 | Orc:2    | Entered Level 2 of the Orcish Mines
 20881 | Orc:2    | Found a staircase to the Elven Halls.
 20882 | Orc:2    | Noticed an orc warlord
 21009 | Orc:2    | Noticed bmj180's ghost (journeyman GrEE)
 21087 | Orc:2    | Found a dark tunnel.
 21092 | Volcano  | Entered a volcano
 21153 | Volcano  | Reached XP level 15. HP: 93/103 MP: 12/15
 21203 | Volcano  | Reached ***** piety under Trog
 21421 | Volcano  | Reached skill level 16 in Fighting
 21769 | Orc:2    | Found a runed translucent door.
 22108 | Orc:2    | Killed an orc warlord
 22672 | Orc:2    | Reached skill level 17 in Fighting
 22699 | Orc:2    | HP: 31/160 [orc knight/+0 great sword (28)]
 23004 | Orc:2    | Found Rockoet's Magic Scroll Shop.
 23004 | Orc:2    | Found Foveq's Antique Armour Emporium.
 23006 | Orc:2    | Found Hoporemm's Magic Scroll Shop.
 23006 | Orc:2    | Found Joiff's General Store.
 23022 | Orc:2    | Bought a scroll of enchant armour for 105 gold pieces
 23022 | Orc:2    | Bought a scroll of enchant armour for 105 gold pieces
 23022 | Orc:2    | Bought a scroll of identify for 28 gold pieces
 23022 | Orc:2    | Bought a scroll of identify for 28 gold pieces
 23022 | Orc:2    | Bought a scroll of identify for 28 gold pieces
 23022 | Orc:2    | Bought a scroll of blinking for 105 gold pieces
 23040 | Orc:2    | Gained mutation: Your magical capacity is low. (-10% MP)
                  | [potion of mutation]
 23041 | Orc:2    | Lost mutation: Your magical capacity is low. (-10% MP)
                  | [potion of mutation]
 23041 | Orc:2    | Gained mutation: You occasionally shout uncontrollably at
                  | your foes. [potion of mutation]
 23041 | Orc:2    | Gained mutation: [You occasionally lose the ability to
                  | drink potions when taking damage.] [potion of mutation]
 23041 | Orc:2    | Gained mutation: You have large cloven feet. [potion of
                  | mutation]
 23042 | Orc:2    | Lost mutation: [You occasionally lose the ability to drink
                  | potions when taking damage.] [potion of mutation]
 23042 | Orc:2    | Lost mutation: You have large cloven feet. [potion of
                  | mutation]
 23042 | Orc:2    | Gained mutation: You have a beak for a mouth. [potion of
                  | mutation]
 23042 | Orc:2    | Gained mutation: Your flesh is heat resistant. (rF+)
                  | [potion of mutation]
 23042 | Orc:2    | Gained mutation: You have hidden genetic defects. [potion
                  | of mutation]
 23113 | Elf:1    | Entered Level 1 of the Elven Halls
 23128 | Elf:1    | You fall into a shaft and drop 1 floor!
 23150 | Elf:2    | Found a runed translucent gate.
 23150 | Elf:2    | Found a runed translucent gate.
 23151 | Elf:2    | Found a runed translucent gate.
 23215 | Elf:2    | HP: 23/108 [something/shard of ice (28)]
 23226 | Elf:2    | HP: 16/108 [deep elf knight/lance of force (24)]
 23234 | Elf:2    | HP: 15/108 [warg[an orc high priest] (3)]
 23257 | Elf:2    | Noticed a deep elf sorcerer
 23260 | Elf:2    | Killed a deep elf sorcerer
 23610 | D:11     | Reached skill level 18 in Fighting
 24094 | D:11     | Gained mutation: You are vulnerable to cold. (rC-) [hidden
                  | defects]
 24642 | D:12     | Noticed Josephine
 24650 | D:12     | Killed Josephine
 24725 | D:12     | Received a gift from Trog
 24935 | D:12     | Noticed Jorgrun
 24939 | D:12     | Killed Jorgrun
 24987 | D:12     | Gained mutation: You sometimes lose your temper in combat.
                  | [hidden defects]
 24987 | D:12     | Lost mutation: You have hidden genetic defects. [hidden
                  | defects expressed]
 25200 | D:12     | Reached skill level 19 in Fighting
 25200 | D:12     | Reached XP level 16. HP: 91/116 MP: 14/16
 25358 | D:12     | Noticed Kirke
 25373 | D:12     | Killed Kirke
 25774 | D:12     | Reached skill level 8 in Short Blades
 26051 | D:13     | Reached skill level 9 in Short Blades
 26569 | D:13     | Reached skill level 10 in Short Blades
 26628 | D:13     | Reached skill level 11 in Short Blades
 26770 | D:13     | You add the spells Gell's Gravitas, Teleport Other and
                  | Dispersal to your library.
 26775 | D:13     | Found a gate to the Vaults.
 26831 | D:13     | Found Voclof's Distillery.
 26838 | D:13     | Bought a potion of heal wounds for 60 gold pieces
 26838 | D:13     | Bought a potion of heal wounds for 60 gold pieces
 26838 | D:13     | Bought a potion of might for 48 gold pieces
 26838 | D:13     | Bought a potion of curing for 36 gold pieces
 26838 | D:13     | Bought a potion of curing for 36 gold pieces
 27088 | D:14     | Found a broken altar of Ashenzari.
 27224 | D:14     | Reached skill level 12 in Short Blades
 27267 | D:14     | Lost mutation: You have a beak for a mouth. [potion of
                  | mutation]
 27267 | D:14     | Lost mutation: You are vulnerable to cold. (rC-) [potion of
                  | mutation]
 27267 | D:14     | Gained mutation: Your spells are a little easier to cast,
                  | but a little less powerful. [potion of mutation]
 27436 | D:14     | You pick up a book of the Tundra {forbidden} and begin
                  | reading...
 27436 | D:14     | You add the spells Hailstorm, Ice Form and Simulacrum to
                  | your library.
 27549 | D:14     | Identified the +5 short sword "Dawk" {flame, *Slow Will+++
                  | Dex+3} (Trog gifted it to you on level 14 of the Dungeon)
 27549 | D:14     | Received a gift from Trog
 28025 | D:15     | Entered Level 15 of the Dungeon
 28098 | D:15     | Reached skill level 13 in Short Blades
 28195 | D:15     | Found a staircase to the Depths.
 28451 | D:15     | Reached skill level 14 in Short Blades
 28539 | D:15     | You pick up a book of Alchemy {forbidden} and begin
                  | reading...
 28539 | D:15     | You add the spells Sublimation of Blood and Petrify to your
                  | library.
 28980 | D:15     | Reached skill level 15 in Short Blades
 29669 | Elf:1    | Noticed Louise
 29670 | Elf:1    | Killed Louise
 29671 | Elf:1    | Reached skill level 1 in Shields
 29671 | Elf:1    | Reached XP level 17. HP: 122/122 MP: 17/17
 29672 | Elf:1    | Z - a +1 eveningstar of draining {macerare=g}
 29776 | Elf:1    | Identified the +3 broad axe of the Shoals {protect, rPois
                  | rCorr Dex+4 Stlth+}
 29966 | Elf:1    | You pick up a book of the Warp {forbidden} and begin
                  | reading...
 29966 | Elf:1    | You add the spells Manifold Assault and Disjunction to your
                  | library.
 30015 | Elf:1    | Reached skill level 2 in Shields
 30062 | Elf:1    | HP: 24/122 [earth elemental[a deep elf elementalist] (26)]
 30094 | Elf:1    | Paralysed by an air elemental for 1 turns
 30095 | Elf:1    | HP: 27/122 [air elemental (8)]
 30101 | Elf:1    | Reached skill level 3 in Shields
 30103 | Elf:1    | HP: 36/169 [deep elf death mage/bolt of negative energy
                  | (45)]
 30239 | Elf:1    | Reached skill level 4 in Shields
 30691 | Elf:1    | Reached skill level 5 in Shields
 30903 | Elf:1    | You add the spells Kiss of Death, Cigotuvi's Dreadful Rot,
                  | Borgnjor's Vile Clutch and Borgnjor's Revivification to
                  | your library.
 30903 | Elf:1    | Got Qubiz's Precepts of Mortification {forbidden}
 31243 | Elf:2    | Paralysed by an air elemental for 1 turns
 31254 | Elf:2    | Received a gift from Trog
 31260 | Elf:2    | Reached skill level 6 in Shields
 31269 | Elf:2    | a - a +3 antimagic quick blade {shortrare=g}
 31305 | Elf:1    | You drop a +1 eveningstar of draining {macerare=g}.
 31439 | Elf:2    | Found a radiant altar of Vehumet.
 31597 | Elf:2    | Reached skill level 7 in Shields
 31629 | Elf:2    | HP: 28/122 [+5 dire flail of protection (19)]
 31655 | Elf:2    | HP: 25/122 [deep elf knight/shard of ice (24)]
 32018 | Elf:2    | Reached skill level 8 in Shields
 32277 | Elf:2    | Noticed Nikola
 32282 | Elf:2    | Killed Nikola
 32575 | Elf:2    | a - a +3 antimagic quick blade (weapon) {shortrare=g}
 32586 | Elf:2    | Reached skill level 9 in Shields
 32598 | Elf:2    | H - a +0 double sword of draining {longrare=g}
 33302 | Swamp:1  | Entered Level 1 of the Swamp
 33307 | Swamp:1  | Reached XP level 18. HP: 128/128 MP: 6/18
 33320 | Swamp:1  | You drop a +0 double sword of draining {longrare=g}.
 33327 | Swamp:1  | magus.rc [v1.9.6]
 33552 | Elf:3    | Entered Level 3 of the Elven Halls
 33617 | Elf:3    | Reached skill level 18 in Dodging
 33680 | Elf:3    | Noticed a deep elf blademaster
 33710 | Elf:3    | You are cast into the Abyss!
 33710 | Abyss:2  | Found a corrupted altar of Lugonu.
 33710 | Abyss:2  | Cast into level 2 of the Abyss (a deep elf sorcerer)
 33740 | Abyss:2  | Found a corrupted altar of Lugonu.
 33742 | Abyss:2  | Found a corrupted altar of Lugonu.
 34014 | Abyss:2  | magus.rc [v1.9.6]
 34027 | Abyss:2  | Found a corrupted altar of Lugonu.
 34029 | Abyss:2  | Found a corrupted altar of Lugonu.
 34029 | Abyss:2  | Found a corrupted altar of Lugonu.
 34049 | Abyss:2  | Fell from the grace of Trog
 34049 | Abyss:2  | Became a worshipper of Lugonu the Unformed
 34049 | Abyss:2  | Reached * piety under Lugonu
 34049 | Abyss:2  | Reached ** piety under Lugonu
 34096 | Abyss:2  | your +3 antimagic quick blade {shortrare=g} glows red for a
                  | moment.
 34097 | Abyss:2  | your +4 antimagic quick blade {shortrare=g} glows red for a
                  | moment.
 34098 | Abyss:2  | your +5 antimagic quick blade {shortrare=g} glows red for a
                  | moment.
 34255 | Abyss:2  | HP: 17/102 [stone giant[the rage of Trog] (23)]
 34269 | Abyss:2  | Mangled by a two-headed ogre

Vanquished Creatures
  Nikola (Elf:2)
  Jorgrun (D:12)
  Gastronok (D:10)
  A tentacled starspawn (Abyss:2)
  Kirke (D:12)
  2 deep elf sorcerers
  An orc warlord (Orc:2)
  Louise (Elf:1)
  2 deep elf elementalists
  3 deep elf demonologists (Elf:3)
  A stone giant (Abyss:2)
  2 deep elf annihilators (Elf:3)
  An ettin (Orc:1)
  3 deep elf death magi
  A deep elf high priest (Elf:3)
  Josephine (D:12)
  Fannar (Lair:3)
  2 vault guards (D:13)
  An anaconda (Lair:5)
  7 hydras
  4 centaur warriors
  2 ogre magi (D:15)
  4 boulder beetles
  7 two-headed ogres
  20 dancing weapons
  A vampire mage (Abyss:2)
  4 orc high priests
  6 death yaks (Lair:3)
  2 tengu warriors
  The ghost of flestrin the Destroyer, a novice DgCj (D:9)
  Amaemon (Lair:2)
  7 deep elf knights (Elf:2)
  A skeletal warrior (D:13)
  A wretched star (Abyss:2)
  2 bog bodies (Lair:3)
  2 deep elf archers
  A lindwurm (Lair:5)
  2 wizards
  6 orc knights
  A swamp dragon (shapeshifter) (D:15)
  12 deep elf zephyrmancers
  6 necromancers
  23 deep elf pyromancers
  A salamander (shapeshifter) (Elf:1)
  8 orc sorcerers
  4 ugly things
  A manticore (D:15)
  8 cyclopes
  A wolf spider zombie (D:15)
  Maurice (D:10)
  8 black mambas
  7 elephants
  2 naga magi (D:15)
  A rust devil (Abyss:2)
  2 centaur skeletons (D:15)
  An orange demon (Lair:2)
  An unseen horror (D:12)
  A gargoyle (D:12)
  An unseen horror (shapeshifter) (D:13)
  11 cane toads
  8 komodo dragons
  2 yaktaurs
  Psyche (D:9)
  3 rime drakes
  A kobold demonologist (D:12)
  3 tengu conjurers
  An ice devil (Abyss:2)
  3 ancient zymes
  A queen bee (Lair:1)
  A tyrant leech (Swamp:1)
  2 hornets (D:9)
  8 trolls
  7 blink frogs (Lair:5)
  9 slime creatures
  7 dream sheep (Lair:5)
  11 large abominations
  4 air elementals
  2 vampires
  Sigmund (D:4)
  3 shadows
  8 wraiths
  43 yaks
  A water elemental (Elf:1)
  5 wyverns
  2 ynoxinuls (Lair:5)
  6 basilisks
  16 fire elementals
  20 humans
  Grum (D:9)
  2 chaos spawn (Lair:5)
  11 vampire mosquitoes
  2 steam dragons
  3 swamp worms
  Menkaure (D:4)
  3 wargs
  A two-headed ogre zombie (D:10)
  Edmund (D:6)
  Duvessa (D:4)
  9 hell hounds
  25 water moccasins
  15 orc warriors
  2 ice beasts
  2 sky beasts (D:7)
  10 ogres
  4 boggarts (D:14)
  9 wolves
  12 centaurs
  2 kobold brigands
  11 bullfrogs
  7 elf zombies
  A necrophage (D:6)
  2 scorpions
  Dowan (D:4)
  7 wights
  A hornet simulacrum (D:15)
  37 killer bees
  6 small abominations (Lair:5)
  6 howler monkeys
  2 electric eels
  2 centaur zombies
  2 hounds
  A jelly (Lair:5)
  16 orc priests
  3 gnoll boudas
  Crazy Yiuf (D:3)
  4 iguanas
  19 orc wizards
  Natasha (D:3)
  7 ogre zombies (D:10)
  3 mummies (Ossuary)
  6 adders
  17 gnolls
  4 white imps
  2 ufetubi
  5 adder zombies (Ossuary)
  4 dart slugs
  A worm (D:3)
  64 orcs
  5 endoplasms
  A giant cockroach (D:2)
  3 goblins (D:1)
  2 hobgoblins (D:1)
  8 jackals
  6 quokkas
  4 ball pythons
  3 bats
  4 frilled lizards
  3 goblin skeletons (D:10)
  5 goblin zombies
  3 hobgoblin skeletons (D:10)
  4 hobgoblin zombies (D:10)
  4 jackal zombies (Ossuary)
  12 kobolds
  8 kobold zombies (Ossuary)
  3 orc skeletons (D:10)
  12 orc zombies
  4 quokka zombies (Ossuary)
  3 rats
  2 rat zombies (Ossuary)
846 creatures vanquished.

Vanquished Creatures (collateral kills)
  An orc warlord (D:10)
  3 dancing weapons (Elf:2)
  A deep elf knight (Elf:2)
  A deep elf pyromancer (Elf:2)
  4 deep elf zephyrmancers (Elf:2)
  Maggie (D:7)
  A komodo dragon (Lair:5)
  A meliai (shapeshifter) (Elf:3)
  A water moccasin (Lair:5)
  2 orc warriors
  A necrophage (D:7)
  An iguana (D:7)
  2 orcs (D:7)
20 creatures vanquished.

Vanquished Creatures (others)
  2 humans (D:12)
  A boggart (D:14)
  2 centaurs (D:12)
  32 fungi
  35 plants
  3 starspawn tentacles (Abyss:2)
75 creatures vanquished.

Grand Total: 941 creatures vanquished

Table legend:
 A = Non-vault XP
 B = Vault XP
 C = Vault XP percentage of total XP
 D = Non-vault monster count
 E = Vault monster count
 F = Vault count percentage of total count
                 A         B        C        D         E       F
            +---------+---------+-------+---------+---------+-------
      Total |  123791 |   98107 |  44.2 |     537 |     319 |  37.3
            +---------+---------+-------+---------+---------+-------
        D:1 |      33 |       3 |   8.3 |      17 |       2 |  10.5
        D:2 |      32 |       0 |   0.0 |      17 |       0 |   0.0
        D:3 |     137 |      84 |  38.0 |       7 |       6 |  46.2
        D:4 |     109 |     604 |  84.7 |       5 |       4 |  44.4
        D:5 |     415 |       0 |   0.0 |      12 |       0 |   0.0
        D:6 |     642 |     752 |  53.9 |      21 |       2 |   8.7
        D:7 |    1506 |     404 |  21.2 |      30 |       1 |   3.2
        D:8 |    1262 |       0 |   0.0 |       9 |       0 |   0.0
        D:9 |    4066 |    1566 |  27.8 |      37 |       5 |  11.9
       D:10 |    5078 |    3008 |  37.2 |      36 |      37 |  50.7
       D:11 |    5097 |       0 |   0.0 |      24 |       0 |   0.0
       D:12 |    7229 |    4812 |  40.0 |      29 |       6 |  17.1
       D:13 |    5721 |    8991 |  61.1 |      21 |      27 |  56.2
       D:14 |    5843 |       0 |   0.0 |      18 |       0 |   0.0
       D:15 |   13252 |    6333 |  32.3 |      32 |      12 |  27.3
     Lair:1 |    2217 |    1801 |  44.8 |       9 |      25 |  73.5
     Lair:2 |    4509 |    3373 |  42.8 |      16 |      12 |  42.9
     Lair:3 |   10978 |    2984 |  21.4 |      24 |       7 |  22.6
     Lair:4 |    6006 |     511 |   7.8 |      23 |       2 |   8.0
     Lair:5 |    7542 |    8611 |  53.3 |      30 |      32 |  51.6
    Swamp:1 |     453 |       0 |   0.0 |       2 |       0 |   0.0
      Orc:1 |    2127 |       0 |   0.0 |      16 |       0 |   0.0
      Orc:2 |    4975 |    7039 |  58.6 |      38 |      30 |  44.1
      Elf:1 |   11742 |    6893 |  37.0 |      20 |      14 |  41.2
      Elf:2 |   16297 |   23388 |  58.9 |      28 |      30 |  51.7
      Elf:3 |    1108 |   10290 |  90.3 |       3 |      10 |  76.9
    Abyss:2 |    5415 |       0 |   0.0 |      13 |       0 |   0.0
    Ossuary |       0 |     625 | 100.0 |       0 |      38 | 100.0
    Volcano |       0 |    6035 | 100.0 |       0 |      17 | 100.0
            +---------+---------+-------+---------+---------+-------

Illustrated notes

Table legend:
 A = Kills in this place as a percentage of kills in entire the game.
 B = Kills by you in this place as a percentage of kills by you in the entire game.
 C = Kills by friends in this place as a percentage of kills by friends in the entire game.
 D = Other kills in this place as a percentage of other kills in the entire game.
 E = Experience gained in this place as a percentage of experience gained in the entire game.
 F = Experience gained in this place divided by the number of levels of this place that you have seen.
                   A       B       C       D       E      F
               +-------+-------+-------+-------+-------+----------------------
         Total | 100.0 | 100.0 | 100.0 | 100.0 | 100.0 | 7396.6
       Dungeon |  48.7 |  49.0 |  35.0 | 100.0 |  34.7 | 5131.9
          Lair |  21.0 |  21.3 |  10.0 |   0.0 |  21.9 | 9706.4
         Swamp |   0.2 |   0.2 |   0.0 |   0.0 |   0.2 | 453.0
  Orcish Mines |   9.8 |  10.1 |   0.0 |   0.0 |   6.4 | 7070.5
   Elven Halls |  12.3 |  11.3 |  55.0 |   0.0 |  31.4 | 23239.3
         Abyss |   1.5 |   1.6 |   0.0 |   0.0 |   2.4 | 5415.0
       Ossuary |   4.4 |   4.6 |   0.0 |   0.0 |   0.3 | 625.0
       Volcano |   2.0 |   2.0 |   0.0 |   0.0 |   2.7 | 6035.0
               +-------+-------+-------+-------+-------+----------------------

Table legend: (Time is in decaauts)
 A = Elapsed time spent in this place.
 B = Non-inter-level travel time spent in this place.
 C = Inter-level travel time spent in this place.
 D = Time resting spent in this place.
 E = Time spent auto-exploring this place.
 F = Levels seen in this place.
 G = Mean time per level.
                   A        B        C        D        E       F      G
               +--------+--------+--------+--------+--------+-----+--------+
         Total |  32707 |  30863 |   1844 |   5376 |  18142 |  30 | 1090.2 |
       Dungeon |  16232 |  15090 |   1142 |   1371 |  10884 |  15 | 1082.1 |
        Temple |     29 |     21 |      8 |      0 |      8 |   1 |   29.0 |
          Lair |   8815 |   8397 |    418 |   2135 |   4141 |   5 | 1763.0 |
         Swamp |     26 |     26 |      0 |      0 |      0 |   1 |   26.0 |
  Orcish Mines |   2340 |   2164 |    176 |    311 |   1276 |   2 | 1170.0 |
   Elven Halls |   3824 |   3726 |     98 |   1222 |   1505 |   3 | 1274.7 |
         Abyss |    424 |    424 |      0 |     39 |     17 |   1 |  424.0 |
       Ossuary |    633 |    633 |      0 |    187 |    208 |   1 |  633.0 |
       Volcano |    380 |    380 |      0 |    109 |    102 |   1 |  380.0 |
               +--------+--------+--------+--------+--------+-----+--------+

Top non-repeatable levels by time:
  Lair:2: 2234 daAuts
  Lair:3: 2148 daAuts
   Elf:2: 2122 daAuts
  Lair:5: 1749 daAuts
   Orc:2: 1744 daAuts
   Elf:1: 1624 daAuts
    D:10: 1550 daAuts
  Lair:1: 1535 daAuts
     D:9: 1502 daAuts
     D:6: 1486 daAuts
    D:12: 1422 daAuts
    D:15: 1323 daAuts
    D:13: 1169 daAuts
  Lair:4: 1147 daAuts
     D:4: 1073 daAuts
